 Dungeon Crawl Stone Soup version 0.25-a0-942-g87a5396 (webtiles) character file.

Game seed: 8169541476277193108, levelgen mode: deterministic

74 DrEnzyme the Skirmisher (level 4, -8/29 HPs)
             Began as a Kobold Wanderer on May 5, 2020.
             Mangled by an ogre
             ... wielding a +0 giant spiked club
              (13 damage)
             ... on level 6 of the Dungeon.
             The game lasted 00:04:55 (3097 turns).

DrEnzyme the Skirmisher (Kobold Wanderer)           Turns: 3097, Time: 00:04:56

Health: -8/29      AC: 11    Str: 11    XL:     4   Next: 52%
Magic:  4/4        EV: 10    Int: 10    God:
Gold:   177        SH:  0    Dex: 14    Spells: 3/3 levels left

rFire    . . .     SeeInvis .   a - +0 mace
rCold    + . .     Gourm    .   (shield restricted)
rNeg     . . .     Faith    .   b - +2 scale mail
rPois    +         Spirit   .   n - +0 helmet
rElec    .         Reflect  .   (no cloak)
rCorr    .         Harm     .   (no gloves)
MR       .....                  r - +0 pair of boots
Stlth    +.........             (no amulet)
HPRegen  0.09/turn              (no ring)
MPRegen  0.09/turn              (no ring)

@: brilliant
A: small, carnivore, cold resistance 1, dopey 1, poison resistance, MP-powered
wands
a: no special abilities


You were on level 6 of the Dungeon.
You were not hungry.

You visited 1 branch of the dungeon, and saw 4 of its levels.

You collected 177 gold pieces.

Inventory:

Hand Weapons
 a - a +0 mace (weapon)
 c - a +0 dagger of venom
 d - a +0 dagger
Missiles
 g - a throwing net
 m - 13 poisoned darts (quivered)
Armour
 b - a +2 scale mail (worn)
 n - a +0 helmet (worn)
 r - a +0 pair of boots (worn)
Jewellery
 f - an uncursed amulet of magic regeneration
 i - an uncursed amulet of regeneration {unknown}
 k - an uncursed ring of flight {unknown}
Scrolls
 e - 2 scrolls of immolation
Potions
 j - a potion of flight {unknown}
 o - a potion of heal wounds {unknown}
 p - a potion of degeneration {unknown}


   Skills:
 + Level 3.7 Fighting
 + Level 2.0 Maces & Flails
   Level 1.0 Polearms
 + Level 3.2 Armour
 + Level 0.4 Dodging
 + Level 2.7 Stealth
   Level 1.0 Shields


You had 3 spell levels left.
You didn't know any spells.
Your spell library was empty.

Dungeon Overview and Level Annotations

Branches:
Dungeon (3/15)

Altars:
Elyvilon
Kikubaaqudgha
Makhleb
Trog
Vehumet


Innate Abilities, Weirdness & Mutations

You are small and have problems with some larger weapons.
You are carnivorous and can eat meat at any time.
Your flesh is cold resistant. (rC+)
You are dopey. (Int -2)
Your system is resistant to poisons. (rPois)
You expend magic power (3 MP) to strengthen your wands.


Message History

Press: ? - help, Shift-Dir - straight line, f/p - ogre
Aim: an ogre, wielding a +0 giant spiked club (heavily wounded)
You throw a poisoned dart.
The poisoned dart barely misses the ogre.
The ogre hits you with a +0 giant spiked club!
You see here a poisoned dart.
You swap places.
You see here a poisoned dart.
You see here a poisoned dart.
It was a potion of brilliance.
You feel clever all of a sudden.
The ogre hits you with a +0 giant spiked club.
You hit the ogre.
The ogre is heavily wounded.
The ogre hits you with a +0 giant spiked club!
* * * LOW HITPOINT WARNING * * *
You hit the ogre.
The ogre is severely wounded.
The ogre hits you with a +0 giant spiked club!
You die...

##### ##...## ##
#.....##.###
#....(.(((.##
#..####.....# ###.#
##.....#
###.(.###......#
#..#####O@.###..#
#...##≈≈...≈≈# ##
#....#≈..♣..≈#
#...............
#........♣._.♣.....
#..................
#.......#≈..♣..≈#...
.....#...#≈≈...≈≈#...
....##...###...###


You could see an ogre.

Vanquished Creatures
  3 adders (D:2)
  A dart slug (D:2)
  5 leopard geckos
  5 bats
  2 giant cockroaches
  6 goblins
  3 hobgoblins
  A quokka (D:3)
  3 frilled lizards (D:2)
  5 kobolds
  6 rats
40 creatures vanquished.

Notes
Turn   | Place    | Note
-------+----------+-------------------------------------------
     0 | D:1      | DrEnzyme the Kobold Wanderer began the quest for the Orb.
     0 | D:1      | DrEnzyme set off with the following items: a +0 mace, a +2
                  | scale mail, a scroll of teleportation, a +0 dagger, a
                  | ration
     0 | D:1      | Reached XP level 1. HP: 14/14 MP: 1/1
   209 | D:1      | Reached XP level 2. HP: 19/19 MP: 2/2
   328 | D:1      | Gained mutation: You are dopey. (Int -2) [potion of
                  | mutation]
   328 | D:1      | Gained mutation: Your flesh is cold resistant. (rC+)
                  | [potion of mutation]
   328 | D:1      | Gained mutation: Your system is resistant to poisons.
                  | (rPois) [potion of mutation]
   328 | D:1      | Gained mutation: You expend magic power (3 MP) to
                  | strengthen your wands. [potion of mutation]
  1044 | D:1      | Reached XP level 3. HP: 24/24 MP: 3/3
  1945 | D:2      | Reached skill level 1 in Maces & Flails
  2135 | D:2      | Found an ancient bone altar of Kikubaaqudgha.
  2368 | D:2      | Found a bloodstained altar of Trog.
  2383 | D:2      | Reached XP level 4. HP: 25/29 MP: 4/4
  2506 | D:2      | Found a burning altar of Makhleb.
  2508 | D:2      | Found a radiant altar of Vehumet.
  3034 | D:3      | You fall into a shaft and drop 3 floors!
  3037 | D:6      | Noticed an ogre
  3049 | D:6      | Found a white marble altar of Elyvilon.
  3097 | D:6      | Mangled by an ogre

Levels and vault maps discovered:
D:1:      dpeg_arrival_rooms_with_view, layout_basic, minmay_bisected
D:2:      layout_loops_corners, chequers_temple_overflow_statue_of_worship,
          overflow_temple_1_default, lemuel_crystal_altar
D:3:      layout_rooms, first_ration
D:6:      layout_cave_pools, elyvilon_altar_4, uniq_eustachio

Skill      XL: |  1  2  3  4 |
---------------+-------------+-----
Armour         | 3 |  3.2
Maces & Flails | 1 2 |  2.0
Fighting       | |  3.7
Polearms       | |  1.0
Dodging        | |  0.4
Stealth        | |  2.7
Shields        | |  1.0

Action                   |  1- 3 |  4- 6 || total
-------------------------+-------+-------++-------
Melee: Mace              |   120 |    58 ||   178
Throw: Dart              |     3 |     7 ||    10
  Use: Scroll            |     1 |     4 ||     5
       Potion            |     1 |     1 ||     2
  Eat: Chunk             |     4 |     4 ||     8
       Ration            |     1 |       ||     1
Armor: Scale mail        |    87 |    32 ||   119
Dodge: Dodged            |    91 |    44 ||   135

Table legend:
 A = Non-vault XP
 B = Vault XP
 C = Vault XP percentage of total XP
 D = Non-vault monster count
 E = Vault monster count
 F = Vault count percentage of total count
                 A         B        C        D         E       F
            +---------+---------+-------+---------+---------+-------
      Total |      96 |      10 |   9.4 |      34 |       6 |  15.0
            +---------+---------+-------+---------+---------+-------
        D:1 |      27 |      10 |  27.0 |      13 |       6 |  31.6
        D:2 |      65 |       0 |   0.0 |      19 |       0 |   0.0
        D:3 |       4 |       0 |   0.0 |       2 |       0 |   0.0
            +---------+---------+-------+---------+---------+-------
